AoeStats
← lacheisleuk

Black Forest

510331375Analyzed
2v2 RM · 2d ago on Sep 30, 2026· 27m 40s· 4 players
Game mode
Random Map
Map size
Medium (4 player)
Population
200
Speed
Normal
Resources
Standard
Victory
Conquest
Starting age
Dark Age
Ending age
Imperial Age
RankedLock teamsTeams togetherTeam positionsShared explorationLock speedFull tech treeHidden civsTurbo modeCheats
Victory
Defeat
🇨🇦 Muisca · Canada
974
+16
🇳🇱 Persians · Netherlands
940
+18
🇩🇪 Hindustanis · Germany
1010
-18
🇪🇸 Persians · Spain
943
-16
lacheisleuk
0:28 Loom
16:22 Feudal Age
20:00 Wheelbarrow
19:12 Town Watch
22:19 Castle Age
20:06 Town Watch
20:42 Scale Mail Armor
21:02 Fishing Lines
21:35 Double-Bit Axe
22:17 Stone Mining
22:18 Gold Mining
23:26 Pikeman
24:07 Squires
Gore1021
0:31 Loom
11:50 Feudal Age
12:17 Double-Bit Axe
12:33 Champi Runner
22:22 Castle Age
20:30 Horse Collar
21:24 Scale Mail Armor
22:15 Forging
22:29 Stone Mining
23:38 Bow Saw
24:20 Fervor
24:18 Squires
27:45 Chain Mail Armor
Thoth
12:54 Feudal Age
13:26 Double-Bit Axe
13:29 Fishing Lines
15:48 Gold Mining
19:07 Castle Age
20:41 Bow Saw
22:41 Gillnets
23:41 Gold Shaft Mining
24:39 Wheelbarrow
26:38 Hand Cart
MON
0:27 Loom
11:45 Feudal Age
16:04 Double-Bit Axe
17:50 Fletching
20:18 Castle Age
19:06 Stone Mining
20:17 Horse Collar
Connection lost

Rejoining the realm…

Still unreachable

The connection could not be restored.

Session expired

The server has moved on; the page needs a fresh start.